 Dungeon Crawl Stone Soup version 0.29-a0-321-gf1c400731a (webtiles) character file.

Game seed: 10965329458001238712

5042 zishaf the Frost Mage (level 10, 0/91 HPs)
             Began as a Ghoul Ice Elementalist on Apr 4, 2022.
             Was a Priest of Cheibriados.
             Slain by a gargoyle
             ... wielding a +0 mace
              (7 damage)
             ... on level 12 of the Dungeon.
             The game lasted 00:23:34 (9849 turns).

zishaf the Frost Mage (Ghoul Ice Elementalist)      Turns: 9849, Time: 00:23:34

Health: 0/91       AC: 19    Str: 19      XL:     10   Next: 55%
Magic:  10/15      EV: 12    Int: 20      God:    Cheibriados [***...]
Gold:   588        SH:  0    Dex: 14 (15) Spells: 10/17 levels left

rFire   + . .      SeeInvis +     - Unarmed
rCold   + + .      Faith    .   (no shield)
rNeg    + + +      Spirit   .   c - +1 robe {Archmagi}
rPois   ∞          Reflect  .   h - +0 helmet
rElec   +          Harm     .   o - +2 cloak of the Thief {*Fog Slay-2 SInv Stlth+}
rCorr   +          Rampage  .   (no gloves)
Will    .....      Archmagi +   r - +0 pair of boots {Fly}
Stlth   +++.......              n - amulet of regeneration
HPRegen 0.00/turn               (no ring)
MPRegen 0.14/turn               (no ring)

@: mighty, ice-armoured, resistant, freezing walls, flying, inhibited regen,
very slow
A: claws 1, cold resistance 1, negative energy resistance 3, inhibited
regeneration, torment resistance 2, devour on kill
a: Renounce Religion, Bend Time, Temporal Distortion


You were on level 12 of the Dungeon.
You worshipped Cheibriados.
Cheibriados was most pleased with you.
You visited 1 branch of the dungeon, and saw 10 of its levels.

You collected 588 gold pieces.

Inventory:

Hand Weapons
 a - a +1 hunting sling
Armour
 c - a +1 robe of the Archmagi (worn)
 d - a +0 pair of gloves
 f - a +0 kite shield
 h - a +0 helmet (worn)
 l - a +0 cloak
 o - the +2 cloak of the Thief (worn) {*Fog Slay-2 SInv Stlth+}
   (You found it on level 8 of the Dungeon)

   It may release a thick cloud of smoke when the wearer is hurt.
   Slay:      It affects your accuracy & damage with ranged weapons and melee
   (-2).
   SInv:      It lets you see invisible.
   Stlth:     It makes you more stealthy.
 r - a +0 pair of boots of flying (worn)
Magical Staves
 j - a staff of air
Jewellery
 n - an amulet of regeneration (around neck)
 z - a ring of ice
 C - an amulet of magic regeneration
Wands
 k - a wand of polymorph (6)
 s - a wand of acid (21)
Scrolls
 g - a scroll of immolation
 i - 8 scrolls of teleportation
 v - a scroll of enchant armour
 x - a scroll of fear
 y - 2 scrolls of enchant weapon
Potions
 b - a potion of magic
 e - 2 potions of curing
 m - 2 potions of cancellation
 t - 2 potions of lignification
 w - 3 potions of berserk rage
 A - a potion of mutation
Miscellaneous
 B - a condenser vane


   Skills:
 + Level 9.6 Fighting
 - Level 2.0 Dodging
 - Level 2.1 Stealth
 - Level 4.0 Unarmed Combat
 - Level 4.0 Spellcasting
 + Level 10.6 Ice Magic
 + Level 7.1 Invocations


You had 10 spell levels left.
You knew the following spells:

 Your Spells              Type           Power      Damage    Failure   Level
a - Freeze                Ice            100%       1d11      1%          1
b - Frozen Ramparts       Ice            100%       1d12      1%          3
c - Ozocubu's Armour      Ice            63%        N/A       1%          3

Your spell library contained the following spells:

 Spells                   Type           Power      Damage    Failure   Level
 Hailstorm                Conj/Ice       38%        3d9       14%         4


Dungeon Overview and Level Annotations

Branches:
Dungeon (9/15)             Temple (0/1) D:7
   Lair: D:8-11         Orc: D:9-12

Altars:
Cheibriados
Elyvilon
Hepliaklqana
Kikubaaqudgha
Nemelex Xobeh
Okawaru
Zin
The Shining One

Shops:
D:4 ?   D:8 =:[==

Annotations:
D:5 1 runed translucent door, Patoropollo's ghost, novice HuFi
D:12 Azrael


Innate Abilities, Weirdness & Mutations

You are immune to poison.
You have sharp fingernails.
Your flesh is cold resistant. (rC+)
You are immune to negative energy. (rN+++)
You do not regenerate when monsters are visible.
You are immune to unholy pain and torment.
You thrive by killing the living.


Message History

You feel protected.
The wall freezes the troll!
The troll bites you!
* * * LOW HITPOINT WARNING * * *
The troll claws you but does no damage. The troll misses you.
The wall freezes the gargoyle!
The gargoyle hurls a stone arrow at you.
The stone arrow misses you.
A hell hound comes into view.
The hell hound barks!
You claw the gargoyle!
The gargoyle is severely damaged.
You hear a bark!
A fire elemental comes into view. x2
The wall freezes the troll!
You kill the troll!
Cheibriados appreciates the change of pace.
The troll leather armour is intact enough to wear.
The wall freezes the gargoyle.
The gargoyle hits you with a +0 mace.
* * * LOW HITPOINT WARNING * * *
Your Invocations skill increases to level 7!
You scratch the gargoyle but do no damage.
The gargoyle is almost destroyed.
The wall freezes the gargoyle.
The gargoyle hurls a stone arrow at you.
The stone arrow hits you!
* * * LOW HITPOINT WARNING * * *
With a swish of your cloak, you release a cloud of fog.
A hell hound comes into view.
It was a potion of mutation.
You feel extremely strange.
Your body decomposes!
You feel clumsy.
A hell hound comes into view.
The wall freezes the gargoyle.
The gargoyle hurls a stone arrow at you.
The stone arrow misses you.
The fire elemental is frozen!
The wall freezes the fire elemental.
It was a potion of might.
You feel very mighty all of a sudden.
The wall freezes the gargoyle.
The gargoyle hits you with a +0 mace!
You die...

.....# ##..........°°○,,,,,,,,,
.....# ###...........○°.○,,,,,,,,
.....###.............h..,,,,,,,,,
..................h.°°..○,,,,,**,
.....#####.........E°☼..,**,,,**,
.......###)........EE.○.,,,,,,,,,
######...[....§§§hR..°..,**,,,,,,
*###....>§§§9E.°...,,*,,,,,,
##....§§@#○☼...**,**,**,,
##...§#§#,####**,**,****
##.#.#.#,,,****,**,****
#.....#,,,,,,,,,,,,,,,
#...###,,,,***,**,****
********#...#**,**<* *,,*,****
****,,,,,,,....,,,,**,****,*,*,,,
*,,,,*,,,,,,,*,******,,,*,,,,,,,*
*,,,,*,,,,****,,,** ***,,,,,,,,,*


You could see Azrael, 4 fire elementals, 3 hell hounds and a gargoyle.

Vanquished Creatures
  A manticore (D:7)
  An unseen horror (D:6)
  Grinder (D:6)
  A troll (D:12)
  Sigmund (D:5)
  A steam dragon (D:8)
  Edmund (D:5)
  An acid dragon (D:9)
  2 water moccasins
  A hell hound (D:12)
  2 orc warriors
  2 sky beasts
  2 black bears
  An ice beast (D:8)
  4 centaurs
  2 kobold brigands
  A bullfrog (D:8)
  3 scorpions
  3 necrophages
  11 wights
  5 killer bees (D:9)
  4 howler monkeys
  A jelly (D:5)
  3 hounds
  3 orc priests
  A gnoll shaman (D:6)
  4 iguanas
  Crazy Yiuf (D:4)
  6 orc wizards
  4 gnolls (D:6)
  2 adders (D:6)
  A white imp (D:6)
  An ufetubus (D:4)
  A worm (D:3)
  2 dart slugs
  18 orcs
  10 ball pythons
  5 bats
  11 endoplasms
  15 giant cockroaches
  5 goblins
  4 hobgoblins (D:1)
  17 kobolds
  6 quokkas
  3 frilled lizards
  8 rats
183 creatures vanquished.

Vanquished Creatures (others)
  A plant (D:2)
1 creature vanquished.

Grand Total: 184 creatures vanquished

Notes
Turn   | Place    | Note
-------+----------+-------------------------------------------
     0 | D:1      | zishaf the Ghoul Ice Elementalist began the quest for the
                  | Orb.
     0 | D:1      | Reached XP level 1. HP: 14/14 MP: 2/2
   428 | D:1      | Found a faded altar of an unknown god.
   527 | D:1      | Reached XP level 2. HP: 16/22 MP: 3/3
  1302 | D:1      | Reached skill level 1 in Fighting
  1302 | D:1      | Reached skill level 1 in Unarmed Combat
  1389 | D:1      | Reached XP level 3. HP: 28/28 MP: 5/5
  1461 | D:1      | Learned a level 3 spell: Frozen Ramparts
  1487 | D:2      | Found an ancient bone altar of Kikubaaqudgha.
  2997 | D:3      | Reached XP level 4. HP: 35/35 MP: 6/6
  3007 | D:3      | Learned a level 3 spell: Ozocubu's Armour
  3170 | D:3      | Reached skill level 5 in Ice Magic
  3793 | D:4      | Found Tidonavosea's Magic Scroll Shoppe.
  3821 | D:4      | Reached XP level 5. HP: 27/41 MP: 7/7
  4275 | D:4      | Noticed a black bear
  4303 | D:4      | Killed a black bear
  4411 | D:4      | Found a runed translucent door.
  4412 | D:4      | Noticed Crazy Yiuf
  4589 | D:4      | Killed Crazy Yiuf
  4590 | D:4      | Reached XP level 6. HP: 50/50 MP: 2/9
  4698 | D:5      | Entered Level 5 of the Dungeon
  4824 | D:5      | Noticed Sigmund
  4837 | D:5      | Killed Sigmund
  4838 | D:5      | Reached skill level 6 in Ice Magic
  4838 | D:5      | Reached XP level 7. HP: 41/58 MP: 1/10
  5166 | D:5      | Noticed Edmund
  5176 | D:5      | Killed Edmund
  5177 | D:5      | Reached skill level 5 in Fighting
  5177 | D:5      | Reached skill level 7 in Ice Magic
  5191 | D:5      | Reached XP level 8. HP: 14/68 MP: 0/11
  5410 | D:5      | Found a runed translucent door.
  5411 | D:5      | Noticed Patoropollo's ghost (novice HuFi)
  5487 | D:5      | Found a sparkling altar of Nemelex Xobeh.
  5661 | D:5      | Found a snail-covered altar of Cheibriados.
  5879 | D:5      | Became a worshipper of Cheibriados the Contemplative
  6434 | D:6      | Noticed Grinder
  6445 | D:6      | Paralysed by Grinder for 7 turns
  6461 | D:6      | Killed Grinder
  6462 | D:6      | Reached skill level 8 in Ice Magic
  6462 | D:6      | Reached skill level 1 in Invocations
  6585 | D:6      | Reached * piety under Cheibriados
  6787 | D:6      | Killed an unseen horror
  6788 | D:6      | Reached XP level 9. HP: 15/79 MP: 6/13
  7940 | D:7      | Reached skill level 9 in Ice Magic
  8139 | D:7      | Found a staircase to the Ecumenical Temple.
  8145 | D:7      | Noticed a manticore
  8154 | D:7      | Killed a manticore
  8155 | D:7      | Reached skill level 5 in Invocations
  8609 | D:8      | Found Cibbonu's Jewellery Shop.
  8652 | D:8      | Found the +2 cloak of the Thief {*Fog Slay-2 SInv Stlth+}
  8679 | D:8      | Found Tahont's Jewellery Emporium.
  8842 | D:8      | Found a hazy altar of Hepliaklqana.
  8907 | D:8      | Found Giacejoa's Armour Boutique.
  8929 | D:8      | Reached XP level 10. HP: 69/90 MP: 11/15
  9046 | D:8      | Found an iron altar of Okawaru.
  9112 | D:8      | Reached ** piety under Cheibriados
  9136 | D:8      | Found Lass's Jewellery Boutique.
  9180 | D:8      | Found Etito's Book Emporium.
  9235 | D:8      | Reached skill level 10 in Ice Magic
  9763 | D:9      | Reached *** piety under Cheibriados
  9773 | D:9      | Identified the +4 war axe of Notuul {speed, Fly rF+ Dex+2}
  9816 | D:9      | You are sucked into a shaft and drop 3 floors!
  9838 | D:12     | Noticed a gargoyle
  9842 | D:12     | Noticed Azrael
  9849 | D:12     | Slain by a gargoyle

Illustrated notes

Levels and vault maps discovered:
D:1:      dpeg_arrival_tiny_i, layout_basic, hellmonk_ecumenical_altar_run_dry
D:2:      kennysheep_big_flooded_room, layout_loops_ring, basic_altar,
          serial_bayou_pond_b
D:3:      minmay_roachtagon, layout_rooms
D:4:      layout_gridville, dreamdust_divine_triumvirate, serial_shops,
          nicolae_shop_trees, uniq_crazy_yiuf_cottage
D:5:      layout_loops_ring, old_standard_altar, kennysheep_mini,
          ebering_ghost_reflecting_pool, uniq_sigmund, uniq_edmund
D:6:      layout_basic, uniq_grinder
D:7:      layout_loops_corners, minmay_temple_entry_butterflies
D:8:      layout_basic, mainiacjoe_overflow_big_doors, serial_shops, shop, shop,
          shop_statue, nicolae_shop_hallway_plus, shop
D:9:      layout_basic
D:12:     layout_rooms, gauntlet_entry_generic, uniq_azrael

Skill      XL: |  1  2  3  4  5  6  7  8  9 10 |
---------------+-------------------------------+-----
Dodging        | 2 |  2.0
Spellcasting   | 2 3 4 |  4.0
Fighting       | 1 2 3 5 7 8 9 |  9.6
Unarmed Combat | 1 2 4 |  4.0
Ice Magic      | 5 6 7 8 9 10 | 10.6
Invocations    | 2 5 7 |  7.1
Stealth        | |  2.1

Action                   |  1- 3 |  4- 6 |  7- 9 | 10-12 || total
-------------------------+-------+-------+-------+-------++-------
Melee: Unarmed           |   192 |   133 |   234 |    91 ||   650
       Punch             |     2 |       |     4 |     4 ||    10
 Cast: Frozen Ramparts   |     2 |     5 |    26 |    11 ||    44
       Ozocubu's Armour  |       |     3 |    13 |     5 ||    21
       Freeze            |       |       |     3 |       ||     3
  Use: Scroll            |       |     9 |     2 |     6 ||    17
       Potion            |       |       |       |     3 ||     3
 Stab: Sleeping          |     4 |     1 |     2 |     1 ||     8
Armor: Robe              |    41 |    36 |    80 |    49 ||   206
Dodge: Dodged            |   130 |    92 |   120 |    95 ||   437

Table legend: (Time is in decaauts)
 A = Elapsed time spent in this place.
 B = Non-inter-level travel time spent in this place.
 C = Inter-level travel time spent in this place.
 D = Time resting spent in this place.
 E = Time spent auto-exploring this place.
 F = Levels seen in this place.
 G = Mean time per level.
                   A        B        C        D        E       F      G
               +--------+--------+--------+--------+--------+-----+--------+
         Total |  10917 |  10420 |    497 |    760 |   7869 |  10 | 1091.7 |
       Dungeon |  10917 |  10420 |    497 |    760 |   7869 |  10 | 1091.7 |
               +--------+--------+--------+--------+--------+-----+--------+

Top non-repeatable levels by time:
     D:5: 1503 daAuts
     D:6: 1502 daAuts
     D:1: 1480 daAuts
     D:7: 1458 daAuts
     D:8: 1326 daAuts
     D:2: 1184 daAuts
     D:3: 1096 daAuts
     D:4: 931 daAuts
     D:9: 389 daAuts
    D:12: 43 daAuts
